cohdb
Replays
Latest Replays
All Replays
Popular Replays
Top Player Replays
Match Explorer
How It Works
Community
CoH3 Stats
Reddit
Sign in to upload your games and track your stats! →
Sign in with Steam
Match 47266799
Unlisted
Match 47266799
Overview
Messages
Build Orders
End
250 Light Carrier
Selects Italian Combined Arms Battlegroup
Selects Bersaglieri Squad
Bersaglieri Squad
Panzerpioneer Squad
250 Light Carrier
Construct Light Support Kompanie
Combat Half-tracks
Construct Mechanized Kompanie
Panzerjäger Mechanized Group
8 Rad Armored Car
Selects Semovente da 75/18 Assault Gun
Selects Carro Armato M13/40 Light Tank
Be Frabjous
boqert04
water
It's Takotime
SpankerFel
MDiesel
Strategist
SergioMoralez
0
0
Comments
sign in to comment!
No comments posted yet!